 Dungeon Crawl Stone Soup version 0.30.1-11-g7821555f0a (webtiles) character file.

Game seed: 16052411618732385723

42 KittyFluff the Trooper (level 3, -4/23 HPs)
             Began as a Gargoyle Berserker on Nov 4, 2023.
             Was a Believer of Trog.
             Slain by Sigmund
             ... wielding a +0 scythe
              (10 damage)
             ... on level 2 of the Dungeon.
             The game lasted 00:04:07 (918 turns).

KittyFluff the Trooper (Gargoyle Berserker)          Turns: 918, Time: 00:04:07

Health: -4/23      AC:  6    Str: 22    XL:     3   Next: 56%
Magic:  3/3        EV: 11    Int:  7    God:    Trog [**....]
Gold:   72         SH:  0    Dex:  9    Spells: 2/2 levels left

rFire   . . .        a - +0 mace
rCold   . . .        (no shield)
rNeg    + . .        d - +0 leather armour
rPois   ∞            (no helmet)
rElec   +            (no cloak)
rCorr   .            (no gloves)
SInv    .            (no boots)
Will    .....        (no amulet)
Stlth   +            (no ring)
HPRegen 0.23/turn    (no ring)
MPRegen 0.08/turn

%: no passive effects
@: no status effects
A: sickness immunity, AC +3, negative energy resistance 1, electricity
resistance, torment resistance 1, petrification resistance
a: Renounce Religion, Berserk, Trog's Hand


You were on level 2 of the Dungeon.
You worshipped Trog.
Trog was pleased with you.
You visited 1 branch of the dungeon, and saw 2 of its levels.

You collected 72 gold pieces.

Inventory:

Hand Weapons
 a - a +0 mace (weapon)
Armour
 d - a +0 leather armour (worn)
Scrolls
 e - a scroll of identify {unknown}
Potions
 b - a potion of might {unknown}
 c - 2 potions of magic {unknown}


   Skills:
 + Level 3.6 Fighting
 * Level 3.5 Maces & Flails
 * Level 3.0 Armour
 + Level 1.9 Dodging


You had 2 spell levels left.
You didn't know any spells.
Your spell library was empty.

Dungeon Overview and Level Annotations

Branches:
Dungeon (2/15)

Altars:
Ashenzari

Shops:
D:1 *

Annotations:
D:2 Sigmund


Innate Abilities, Weirdness & Mutations

You are immune to sickness and miasma.
Your stone body is resilient. (AC +3)
You are immune to poison.
You resist negative energy. (rN+)
You are resistant to electric shocks. (rElec)
You are resistant to unholy torment.
You are immune to petrification.


Message History

The endoplasm is moderately wounded.
The endoplasm barely misses you.
You hit the endoplasm.
The endoplasm is heavily wounded.
The endoplasm closely misses you. The endoplasm freezes you.
You are frozen.
You thump the endoplasm!
You kill the endoplasm!
Trog accepts your kill.
A ball python comes into view.
The ball python hisses angrily.
The ball python bites you but does no damage.
The ball python grabs you. The ball python constricts you.
You barely miss the ball python. Your punch misses the ball python.
The ball python closely misses you. The ball python constricts you.
You closely miss the ball python.
The ball python bites you but does no damage.
The ball python constricts you. The ball python barely misses you.
The ball python constricts you.
You thump the ball python!
You kill the ball python!
Trog accepts your kill.
You see here a ball python corpse.
Sigmund the Dreaded comes into view.
He is wielding a +0 scythe.
Sigmund shouts!
Found 7 stones.
Sigmund casts a spell.
Sigmund flickers and vanishes!
Deactivating autopickup; reactivate with Ctrl-A.
Something hits you!
A puff of flame appears from out of thin air!
The puff of flame misses you. Something hits you!
* * * LOW HITPOINT WARNING * * *
A magic dart appears from out of thin air!
The magic dart hits you.
* * * LOW HITPOINT WARNING * * *
Something hits you!
You die...

##### ##...## ##.....##
###########.......#
#.........@.......#
#.###...###....†..#######
#.....(.##............#
..........###...#######.#
#.........# #..## #.#
#..##...### #..## #.# #..
#...#####...##### #.# #.
##..............# #.#
#####....###.# #.#


There were no monsters in sight!

Vanquished Creatures
  2 dart slugs
  3 ball pythons
  8 bats
  3 endoplasms
  A giant cockroach (D:2)
  4 goblins (D:1)
  3 hobgoblins
  4 kobolds
  A quokka (D:1)
  2 frilled lizards
  3 rats (D:1)
34 creatures vanquished.

Notes
Turn   | Place    | Note
-------+----------+-------------------------------------------
     0 | D:1      | KittyFluff the Gargoyle Berserker began the quest for the
                  | Orb.
     0 | D:1      | Reached XP level 1. HP: 14/14 MP: 1/1
    83 | D:1      | Reached XP level 2. HP: 18/19 MP: 2/2
   459 | D:1      | Reached XP level 3. HP: 23/23 MP: 3/3
   553 | D:1      | Found Liakk's General Store.
   724 | D:2      | Found a broken altar of Ashenzari.
   856 | D:2      | Reached ** piety under Trog
   907 | D:2      | Noticed Sigmund
   918 | D:2      | Slain by Sigmund

Illustrated notes

Levels and vault maps discovered:
D:1:      elethiomel_arrival_quiet, layout_basic, serial_shops, shop,
          hangedman_feature_mirror
D:2:      layout_loops_ring, basic_altar, uniq_sigmund

Skill      XL: |  1  2  3 |
---------------+----------+-----
Armour         | 3 |  3.0
Fighting       | |  3.6
Maces & Flails | |  3.5
Dodging        | |  1.9

Action                     || total
---------------------------++-------
  Melee: Mace              ||    92
 Armour: Animal skin       ||     4
         Leather armour    ||    52
  Dodge: Dodged            ||    84
